 Dungeon Crawl Stone Soup version 0.15.0-34-g666c3a1 (webtiles) character file.

876 Rhoefr the Slasher (level 7, 0/55 HPs)
             Began as a Purple Draconian Warper on Sept 15, 2014.
             Was an Initiate of Sif Muna.
             Slain by a green rat (5 damage)
             ... summoned by Eustachio
             ... on Level 5 of the Dungeon.
             The game lasted 00:40:50 (7022 turns).

Rhoefr the Slasher (Purple Draconian Warper)        Turns: 7022, Time: 00:40:51

HP   0/55        AC 10     Str 13      XL: 7   Next: 74%
MP  17/17        EV 12     Int 16      God: Sif Muna [......]
Gold 251         SH  0     Dex 10      Spells:  5 memorised,  2 levels left

rFire  . . .     SeeInvis .     a - +0 falchion
rCold  . . .     Clarity  .     (armour unavailable)
rNeg   . . .     rCorr    .     (no shield)
rPois  .         rRot     .     (helmet restricted)
rElec  .         Spirit   .     j - +2 cloak
SustAb +         Warding  .     r - +0 pair of gloves
rMut   +         Stasis   .     (no boots)
Gourm  .                        n - amulet of resist mutation
MR     +....                    f - ring of sustain abilities
                                l - ring of stealth

@: somewhat resistant to hostile enchantments, unstealthy
A: breathe power, unfitting armour, cold-blooded, AC +6
a: Breathe Dispelling Energy, Renounce Religion


You were on level 5 of the Dungeon.
You worshipped Sif Muna.
Sif Muna was noncommittal.
You were near starving.

You visited 2 branches of the dungeon, and saw 6 of its levels.

You collected 251 gold pieces.

Inventory:

Hand weapons
 a - a +0 falchion (weapon)
Missiles
 e - 4 tomahawks of dispersal (quivered)
Armour
 j - a +2 cloak (worn)
 r - a +0 pair of gloves (worn)
Magical devices
 b - a wand of teleportation (4)
 p - a wand of hasting (2)
 w - a wand of fire (3)
 x - a wand of flame (6)
Scrolls
 d - 2 scrolls of blinking
 o - a scroll of amnesia
 q - 2 scrolls of remove curse
 t - a scroll of teleportation
 y - a scroll of identify
Jewellery
 f - a ring of sustain abilities (right hand)
 l - a ring of stealth (left hand)
 n - an amulet of resist mutation (around neck)
Potions
 g - 2 potions of mutation {unknown}
 h - a potion of degeneration {unknown}
 i - 2 potions of poison {unknown}
 k - 2 potions of curing
 m - a potion of restore abilities {unknown}
 s - a potion of might {unknown}
 u - 2 potions of resistance
 v - a potion of brilliance {unknown}
Books
 c - a book of Spatial Translocations

   Spells                             Type                      Level
   *Apportation                       Translocation                1
   *Blink                             Translocation                2
   *Shroud of Golubria                Charms/Translocation         2
   Portal Projectile                  Translocation                3
   *Teleport Other                    Translocation                3
   *Passage of Golubria               Translocation                4


   Skills:
 - Level 2.1 Fighting
 + Level 7.0 Long Blades
 - Level 0.8 Throwing
 - Level 2.1 Dodging
 + Level 4.3 Spellcasting
 + Level 2.5 Charms
 + Level 4.6 Translocations


You had 2 spell levels left.
You knew the following spells:

 Your Spells              Type           Power        Failure   Level  Hunger
a - Apportation           Tloc           ###.......   2%          1    None
b - Blink                 Tloc           N/A          4%          2    ##.....
c - Teleport Other        Tloc           ###.....     10%         3    ###....
g - Passage of Golubria   Tloc           N/A          28%         4    ####...
s - Shroud of Golubria    Chrm/Tloc      ###.......   8%          2    ##.....


Dungeon Overview and Level Annotations

Branches:
Dungeon (5/15)             Temple (1/1) D:4

Altars:
Ashenzari
Cheibriados
Dithmenos
Elyvilon
Fedhas
Kikubaaqudgha
Nemelex Xobeh
Okawaru
Sif Muna
Trog
Vehumet
Yredelemnul
Zin
The Shining One
Jiyva

Annotations:
D:3 toxicsyntax's ghost, average MfSk
D:4 ztt's ghost, average GrFi
D:5 Eustachio


Innate Abilities, Weirdness & Mutations

You can breathe bolts of energy.
You can dispel enchantments when you breathe energy.
Your rich purple scales are hard (AC +6).
Your body does not fit into most forms of armour.
Your cold-blooded metabolism reacts poorly to cold.


Message History

The quasit completely misses you.
You hit Eustachio.
Eustachio is almost dead.
The rat closely misses you. The quasit misses you.
The quasit closely misses you. The quasit misses you. The green rat misses you.
Eustachio completely misses you.
You barely miss Eustachio.
Eustachio is almost dead.
The quasit misses you.
The quasit claws you but does no damage. x2
The rat barely misses you. The green rat bites you!
* * * LOW HITPOINT WARNING * * *
You miss Eustachio.
Eustachio is almost dead.
Eustachio casts a spell.
The quasit barely misses you. The quasit claws you.
* * * LOW HITPOINT WARNING * * *
The quasit claws you but does no damage.
The rat bites you but does no damage. The green rat bites you.
You die...

########## #########
.........#####.......#
......<..'...'.......#
.........#...#.......#
.........#.###.5.@5..#
#'##....##.#####@.5..### .. +#
+..#....#...'.rrr5....... ... ..
#..+....+...#..#......?. ..... ..
#..#....#+####'#.............. ..
#..#....r.r§..........?.......##.
...+............##+###+ #.....#.
...#............+ #.....#.
##+#............# +.....'.
#......##+####+##. #.....#)


You could see Eustachio, a quasit, a green rat, a white imp, 2 ufetubi and 2
rats.

Vanquished Creatures
  3 ogres
  A giant frog (D:4)
  A vampire bat (D:2)
  2 orc priests
  A giant frog skeleton (D:4)
  An iguana (D:4)
  2 hounds (D:4)
  3 orc wizards (D:4)
  3 worker ants (D:4)
  Ijyb (D:2)
  2 adders (D:3)
  2 worms
  An iguana skeleton (D:4)
  2 giant geckos (D:3)
  An ooze (D:1)
  16 orcs
  A ball python (D:1)
  4 bat skeletons (D:2)
  A bat zombie (D:2)
  7 giant cockroaches
  6 goblins
  12 hobgoblins
  5 jackals
  4 quokkas
  11 bats
  6 giant newts
  A hobgoblin skeleton (D:4)
  11 kobolds
  A kobold skeleton (D:4)
  14 rats
126 creatures vanquished.

Vanquished Creatures (others)
  An adder (D:4)
  A butterfly (D:4)
2 creatures vanquished.

Grand Total: 128 creatures vanquished

Notes
Turn   | Place    | Note
--------------------------------------------------------------
     0 | D:1      | Rhoefr, the Draconian Warper, began the quest for the Orb.
     0 | D:1      | Reached XP level 1. HP: 17/17 MP: 3/3
   359 | D:1      | Reached XP level 2. HP: 15/24 MP: 4/4
   463 | D:1      | Learned a level 2 spell: Blink
   970 | D:1      | Learned a level 2 spell: Shroud of Golubria
  1002 | D:2      | Reached XP level 3. HP: 26/29 MP: 6/6
  1103 | D:2      | Found a blossoming altar of Fedhas.
  1221 | D:2      | Noticed Ijyb
  1256 | D:2      | Killed Ijyb
  1687 | D:2      | Reached XP level 4. HP: 23/36 MP: 8/8
  1994 | D:2      | Found an ancient bone altar of Kikubaaqudgha.
  1996 | D:2      | Noticed a vampire bat
  2005 | D:2      | Killed a vampire bat
  2005 | D:2      | Reached skill level 4 in Translocations
  2010 | D:2      | Learned a level 3 spell: Teleport Other
  2205 | D:3      | Noticed toxicsyntax's ghost (average MfSk)
  2296 | D:3      | Found a shattered altar of Ashenzari.
  2301 | D:3      | Saw a vision of the Shoals and the Spider Nest.
  2301 | D:3      | Noticed a merfolk
  2301 | D:3      | Noticed a merfolk
  2301 | D:3      | Noticed a merfolk
  2342 | D:3      | Found a shadowy altar of Dithmenos.
  2688 | D:3      | Reached XP level 5. HP: 35/41 MP: 8/10
  3457 | D:3      | Noticed an ogre
  3860 | D:4      | Reached skill level 5 in Long Blades
  3860 | D:4      | Reached XP level 6. HP: 44/48 MP: 9/11
  3971 | D:4      | Noticed ztt's ghost (average GrFi)
  5008 | D:4      | Reached skill level 6 in Long Blades
  5040 | D:4      | Found a staircase to the Ecumenical Temple.
  5145 | D:4      | Your scales start taking on a rich purple colour.
  5145 | D:4      | Reached XP level 7. HP: 37/55 MP: 12/15
  5238 | Temple   | Entered the Ecumenical Temple
  5387 | Temple   | Became a worshipper of Sif Muna the Loreminder
  5799 | D:3      | Killed an ogre
  5799 | D:3      | Reached skill level 1 in Charms
  5916 | D:4      | Found a sparkling altar of Nemelex Xobeh.
  6278 | D:4      | Learned a level 4 spell: Passage of Golubria
  6291 | D:5      | Entered Level 5 of the Dungeon
  6742 | D:5      | Noticed Eustachio
  6760 | D:5      | Reached skill level 7 in Long Blades
  7022 | D:5      | Slain by a green rat

Action                   |  1- 3 |  4- 6 |  7- 9 || total
-------------------------+-------+-------+-------++-------
Melee: Falchion          |   176 |   306 |   162 ||   644
Throw: Tomahawk          |       |     1 |       ||     1
 Cast: Shroud of Golubri |     5 |    24 |    11 ||    40
       Teleport Other    |       |     3 |     2 ||     5
       Blink             |       |     2 |     5 ||     7
Evoke: Wand              |       |     2 |     1 ||     3
  Use: Scroll            |     3 |     4 |     1 ||     8
       Potion            |       |     2 |     1 ||     3
 Stab: Sleeping          |       |     7 |       ||     7
  Eat: Chunk             |     3 |     3 |     1 ||     7
       Bread ration      |       |     1 |       ||     1
       Meat ration       |       |     1 |     1 ||     2
